 Dungeon Crawl Stone Soup version 0.29.1-15-g9cfb28693d (webtiles) character file.

Game seed: 17660689253935423040

34 KevinSullivan the Magician (level 3, -1/27 HPs)
             Began as a Demonspawn Wanderer on Apr 24, 2023.
             Slain by a gnoll
             ... wielding a +0 whip
              (7 damage)
             ... on level 4 of the Dungeon.
             The game lasted 00:05:18 (989 turns).

KevinSullivan the Magician (Demonspawn Wanderer)     Turns: 989, Time: 00:05:19

Health: -1/27      AC:  2    Str: 12    XL:     3   Next: 14%
Magic:  4/9        EV: 11    Int: 14    God:
Gold:   24         SH:  0    Dex: 13    Spells: 6/12 levels left

rFire   . . .      SeeInvis .   a - +0 dagger
rCold   . . .      Faith    .   (no shield)
rNeg    . . .      Spirit   .   d - +0 robe
rPois   .          Reflect  .   (helmet restricted)
rElec   .          Harm     .   (no cloak)
rCorr   .          Rampage  .   (no gloves)
Will    .....                   (no boots)
Stlth   +.........              (no amulet)
HPRegen 0.09/turn               (no ring)
MPRegen 0.11/turn               (no ring)

@: very slightly contaminated
A: horns 1, powered by pain 1
a: no special abilities


You were on level 4 of the Dungeon.
You visited 1 branch of the dungeon, and saw 4 of its levels.

You collected 52 gold pieces.
You spent 28 gold pieces at shops.

Inventory:

Hand Weapons
 a - a +0 dagger (weapon)
Armour
 d - a +0 robe (worn)
Scrolls
 f - a scroll of poison
 g - a scroll of vulnerability {unknown}
 i - a scroll of amnesia {unknown}
Potions
 c - a potion of curing {unknown}
 e - a potion of attraction
 h - a potion of might {unknown}


   Skills:
 * Level 2.3 Fighting
 * Level 0.3 Short Blades
 * Level 0.6 Armour
 * Level 0.2 Dodging
 * Level 0.5 Stealth
 * Level 5.1 Spellcasting
 * Level 0.1 Summonings
 * Level 0.3 Necromancy
 * Level 0.2 Earth Magic
 * Level 1.4 Invocations
 * Level 1.2 Evocations


You had 6 spell levels left.
You knew the following spells:

 Your Spells              Type           Power      Damage    Failure   Level
a - Necrotise             Necr           16%        1d4       16%         1
b - Sandblast             Erth           8%         2d5       16%         1
c - Summon Small Mammal   Summ           16%        N/A       16%         1
d - Portal Projectile     Hex/Tloc       6%         N/A       45%         3

Your spell library contained the following spells:

 Spells                   Type           Power      Damage    Failure   Level


Dungeon Overview and Level Annotations

Branches:
Dungeon (4/15)
 Temple: D:4-7

Altars:

Shops:
D:3 ?

Annotations:
D:4 Pikel


Innate Abilities, Weirdness & Mutations

You have a pair of small horns on your head.
You sometimes gain a little power by taking damage.


Message History

Unknown command.
Casting: Necrotise (safe; 16% risk of failure)
Confirm with . or Enter, or press ? or * to list all spells.
Aiming: Necrotise (safe; 16% risk of failure)
Press: ? - help, Shift-Dir - straight line, f/p - gnoll
Aim: a gnoll, wielding a +0 club (heavily wounded, chance to affect: 56%)
You miscast Necrotise.
Nothing appears to happen.
Unknown command.
Casting: Necrotise (safe; 16% risk of failure)
Confirm with . or Enter, or press ? or * to list all spells.
Aiming: Necrotise (safe; 16% risk of failure)
Press: ? - help, Shift-Dir - straight line, f/p - gnoll
Aim: a gnoll, wielding a +0 club (heavily wounded, chance to affect: 56%)
The gnoll resists with significant effort.
Unknown command.
Casting: Necrotise (safe; 16% risk of failure)
Confirm with . or Enter, or press ? or * to list all spells.
Aiming: Necrotise (safe; 16% risk of failure)
Press: ? - help, Shift-Dir - straight line, f/p - gnoll
Aim: a gnoll, wielding a +0 club (heavily wounded, chance to affect: 56%)
The gnoll resists with significant effort.
The gnoll hits you with a +0 whip.
Unknown command.
You hit the gnoll.
The gnoll is lightly wounded.
The gnoll barely misses you.
You hit the gnoll.
The gnoll is lightly wounded.
The gnoll barely misses you.
You closely miss the gnoll.
The gnoll is lightly wounded.
The gnoll closely misses you.
You hit the gnoll.
The gnoll is moderately wounded.
The gnoll hits you with a +0 whip!
* * * LOW HITPOINT WARNING * * *
You hit the gnoll but do no damage. You headbutt the gnoll.
The gnoll is heavily wounded.
The gnoll hits you with a +0 whip!
You die...

.# .# .# .#
.# .#
#########.#
#....@ggg.#
#<######g.#
#.# ...#
#.# ##g##
#.# #.# #.#
#g. #.# #.#
#.# #.# #.#


You could see 4 gnolls.

Vanquished Creatures
  An adder (D:3)
  2 dart slugs
  3 ball pythons
  3 bats
  A goblin (D:2)
  2 hobgoblins (D:3)
  4 jackals (D:1)
  A kobold (D:2)
  A quokka (D:2)
18 creatures vanquished.

Vanquished Creatures (others)
  A plant (D:3)
1 creature vanquished.

Grand Total: 19 creatures vanquished

Notes
Turn   | Place    | Note
-------+----------+-------------------------------------------
     0 | D:1      | KevinSullivan the Demonspawn Wanderer began the quest for
                  | the Orb.
     0 | D:1      | KevinSullivan set off with the following items: a +0
                  | dagger, a scroll of teleportation, a scroll of blinking, a
                  | +0 robe, a potion of attraction; and the following spells
                  | available to memorise: Necrotise, Sandblast, Summon Small
                  | Mammal, Portal Projectile.
     0 | D:1      | Reached XP level 1. HP: 16/16 MP: 6/6
     2 | D:1      | Learned a level 1 spell: Necrotise
     4 | D:1      | Learned a level 1 spell: Sandblast
     6 | D:1      | Learned a level 1 spell: Summon Small Mammal
   269 | D:1      | Gained mutation: You sometimes gain a little power by
                  | taking damage. [demonic ancestry]
   269 | D:1      | Reached XP level 2. HP: 20/22 MP: 1/8
   582 | D:3      | Found Diplybuf's Magic Scroll Shop.
   608 | D:3      | Bought a scroll of identify for 28 gold pieces
   633 | D:3      | Gained mutation: You have a pair of small horns on your
                  | head. [demonic ancestry]
   633 | D:3      | Reached XP level 3. HP: 27/27 MP: 4/9
   637 | D:3      | Learned a level 3 spell: Portal Projectile
   956 | D:4      | Noticed a lemure
   956 | D:4      | Noticed a lemure
   956 | D:4      | Noticed Pikel
   957 | D:4      | Noticed a lemure
   957 | D:4      | Noticed a lemure
   989 | D:4      | Slain by a gnoll

Illustrated notes

Levels and vault maps discovered:
D:1:      tarquinn_simple_flora_water_f, layout_loops_cross,
          grunt_decor_junction, bh_walls_and_bars
D:2:      layout_rooms, serial_shops, shop_fountains,
          nicolae_ecumenical_lake_church, minmay_liquid_box, nicolae_titane
D:3:      lemuel_castle_with_subvaults [lemuel_castle_interior_carwin_2],
          layout_rooms, serial_shops, nicolae_shop_behind_doors,
          nicolae_shop_trees, grunt_ministairs_14,
          minmay_misc_feat_four_crosses, minmay_box_of_dots
D:4:      kennysheep_kobold_camp, layout_loops_ring, zin_academy, uniq_pikel

Action                   || total
-------------------------++-------
Melee: Dagger            ||    24
       Headbutt          ||     2
 Cast: Sandblast         ||    23
       Necrotise         ||     6
  Use: Scroll            ||     3
 Stab: Sleeping          ||     1
Armor: Robe              ||    13
Dodge: Dodged            ||    29
